 Dungeon Crawl Stone Soup version 0.25-a0-667-gb977e01cb5 (webtiles) character file.

Game seed: 11334571265298442265, levelgen mode: deterministic

2 sanka the Sneak (level 1, 0/7 HPs)
             Began as a Felid Wanderer on Mar 27, 2020.
             Slain by a giant cockroach (1 damage)
             ... on level 1 of the Dungeon.
             The game lasted 00:00:38 (215 turns).

sanka the Sneak (Felid Wanderer)                     Turns: 215, Time: 00:00:38

Health: 0/7        AC:  1    Str:  5    XL:     1   Next: 33%
Magic:  5/5        EV: 15    Int: 14    God:
Gold:   9          SH:  0    Dex: 17    Spells: 6/6 levels left
                                        Lives:  0   Deaths: 0

rFire    . . .     SeeInvis +     - Unarmed
rCold    . . .     Gourm    .   (shield unavailable)
rNeg     . . .     Faith    .   (armour unavailable)
rPois    .         Spirit   .   (helmet unavailable)
rElec    .         Reflect  .   (cloak unavailable)
rCorr    .         Harm     .   (gloves unavailable)
MR       .....                  (boots unavailable)
Stlth    ++++......             (no amulet)
HPRegen  0.02/turn              (no ring)
MPRegen  0.09/turn              (no ring)

@: quick
A: very small, no armour, no weapons or thrown items, stealth, claws 1, fangs 3,
see invisible, carnivore, speed 1, shaggy fur 1, slow metabolism 1, sharp paws
a: no special abilities


You were on level 1 of the Dungeon.
You were full.

You visited 1 branch of the dungeon, and saw 1 of its levels.

You collected 9 gold pieces.


Innate Abilities, Weirdness & Mutations

You cannot wear armour.
You are incapable of wielding weapons or throwing items.
Your paws allow you to move quietly. (Stealth)
You have sharp claws.
You have razor-sharp teeth.
You have supernaturally acute eyesight. (SInv)
You are carnivorous and can eat meat at any time.
You cover ground quickly.
You are covered in fur. (AC +1)
You have a slow metabolism.
Your sharp claws are effective at attacking unaware monsters.


   Skills:
 - Level 5.3 Stealth
 + Level 1.4 Unarmed Combat
 - Level 3.0 Spellcasting
   Level 1.7 Poison Magic


You had 6 spell levels left.
You didn't know any spells.
Your spell library contained the following spells:

 Spells                   Type           Power        Failure   Level  Hunger
 Poisonous Vapours        Pois/Air       #.....       22%         2    ##.....
 Corpse Rot               Necr/Air       N/A          32%         2    ##.....

Inventory:

Scrolls
 c - 2 scrolls of identify {unknown}
 d - a scroll of teleportation {@r4}
Potions
 a - a potion of berserk rage {!q}
 b - a potion of haste {@q3}
Comestibles
 f - 2 rations

Dungeon Overview and Level Annotations

Branches:
Dungeon (1/15)

Altars:

.....▒ .....▒ .....▒
▒▒▒▒▒ .....▒ ▒...▒
.....▒ ▒.▒.▒▒▒▒▒▒▒▒
▒▒.▒.▒▒▒▒▒.▒....)...▒
...▒.......▒▒▒▒▒▒▒▒.▒
▒▒▒▒▒▒▒▒▒▒▒▒▒▒▒▒▒▒▒.▒
▒......Bh.▒.▒
▒▒▒▒▒▒g▒▒▒▒▒▒.▒.▒
▒.............▒.▒
▒▒▒.▒g▒▒▒.▒..▒▒▒▒▒▒.▒
....▒.▒▒............▒
....▒.▒▒.....▒▒▒▒▒▒▒▒
....▒g▒▒.....▒▒▒▒
....▒.▒▒.▒......▒
....▒........▒▒.▒


You could see a giant cockroach and a goblin.


Message History

The jackal is moderately wounded.
The jackal barely misses you.
You scratch the jackal.
You kill the jackal!
No target in view!
You see here a jackal corpse.
g - 2 chunks of flesh You see here a jackal skeleton.
You start resting.
You eat one of the 2 chunks of flesh.
You eat the chunk of flesh.
HP restored.
Unknown command.
Unknown command.
Found a dagger.
You see here a dagger.
A giant cockroach comes into view.
A giant cockroach is nearby!
No target in view!
No target in view!
A goblin comes into view. It is wielding a +0 club.
A rat comes into view.
The goblin shouts!
The goblin hits you with a +0 club.
You closely miss the goblin. The goblin hits you with a +0 club.
Ouch! That really hurt!
* * * LOW HITPOINT WARNING * * *
The giant cockroach bites you.
You die...

Action                   || total
-------------------------++-------
Melee: Unarmed           ||    17
       Bite              ||     2
  Eat: Chunk             ||     2
Armor: Skin              ||     1
Dodge: Dodged            ||    21

Levels and vault maps discovered:
D:1:      scummos_arrival_hexagon, layout_basic

Notes
Turn   | Place    | Note
-------+----------+-------------------------------------------
     0 | D:1      | sanka the Felid Wanderer began the quest for the Orb.
     0 | D:1      | sanka set off with the following items: a potion of berserk
                  | rage {!q}, a potion of haste {@q3}, a scroll of
                  | teleportation {@r4}, a ration; and the following spells
                  | available to memorise: Poisonous Vapours, Corpse Rot
     0 | D:1      | Reached XP level 1. HP: 7/7 MP: 5/5
   215 | D:1      | Slain by a giant cockroach

Vanquished Creatures
  2 jackals (D:1)
2 creatures vanquished.
